 Dungeon Crawl Stone Soup version 0.22.1-2-g9c5b331 (webtiles) character file.

6676 shamaniam the Grappler (level 10, -8/104 HPs)
             Began as a Troll Fighter on Dec 2, 2018.
             Was an Initiate of Ru.
             Mangled by a green very ugly thing (19 damage)
             ... on level 10 of the Dungeon.
             The game lasted 00:21:18 (7670 turns).

shamaniam the Grappler (Troll Fighter)              Turns: 7670, Time: 00:21:18

Health: -8/104     AC:  5    Str: 26    XL:     10   Next: 73%
Magic:  10/10      EV: 10    Int:  6    God:    Ru [......]
Gold:   631        SH: 10    Dex:  8    Spells: 9/9 levels left

rFire    . . .     SeeInvis .     - Unarmed
rCold    + + .     Gourm    +   q - +0 shield
rNeg     . . .     Faith    .   A - +0 troll leather armour {Purgy}
rPois    .         Spirit   .   (helmet restricted)
rElec    .         Reflect  .   (no cloak)
rCorr    .         Harm     .   (gloves unavailable)
MR       +....                  (boots unavailable)
Stlth    ..........             v - amulet of the acrobat
HPRegen  1.07/turn              x - ring of protection from cold
MPRegen  0.12/turn              E - ring of protection from cold

@: lethally poisoned (-8 -> -82)
A: large, unfitting armour, claws 3, talons 1, clumsy 1, deformed body, fast
metabolism 3, gourmand, magic resistance 1, regeneration 1, shaggy fur 1, tough
skin 2, no stealth
a: Renounce Religion


You were on level 10 of the Dungeon.
You worshipped Ru.
Ru was noncommittal.
You were full.

You visited 2 branches of the dungeon, and saw 11 of its levels.
You also visited: Sewer.

You collected 631 gold pieces.

Inventory:

Hand Weapons
 b - a +1 blowgun
Missiles
 r - 61 poisoned needles
Armour
 a - a +0 robe
 q - a +0 shield (worn)
 A - a +0 troll leather armour (worn) {Purgy}
Jewellery
 v - an amulet of the acrobat (around neck)
 x - a ring of protection from cold (left claw)
 E - a ring of protection from cold (right claw)
Wands
 t - a wand of flame (25)
 w - a wand of scattershot (4)
 B - a wand of random effects (38)
Scrolls
 e - 3 scrolls of immolation
 f - a scroll of fog
 h - 6 scrolls of remove curse
 i - 2 scrolls of enchant weapon
 n - 5 scrolls of teleportation
 u - 3 scrolls of fear
 y - 3 scrolls of magic mapping
Potions
 c - 4 potions of might
 g - a potion of resistance
 j - 4 potions of brilliance {unknown}
 k - 4 potions of curing
 l - 2 potions of agility
 m - a potion of heal wounds
 p - a potion of berserk rage
 s - a potion of flight
 z - 4 potions of haste
Comestibles
 d - 13 rations


   Skills:
 + Level 7.7 Fighting
 - Level 5.0 Dodging
 + Level 7.8 Shields
 * Level 9.4 Unarmed Combat
 + Level 1.7 Evocations


You had 9 spell levels left.
You didn't know any spells.
Your spell library was empty.

Dungeon Overview and Level Annotations

Branches:
Dungeon (10/15)            Temple (1/1) D:6
   Lair: D:8-11         Orc: D:9-12

Altars:
Ashenzari
Cheibriados
Dithmenos
Elyvilon
Fedhas
Gozag
Hepliaklqana
Kikubaaqudgha
Makhleb
Nemelex Xobeh
Okawaru
Qazlal
Ru
Sif Muna
Trog
Uskayaw
Vehumet
Wu Jian
Xom
Yredelemnul
Zin
The Shining One

Shops:
D:5 (

Annotations:
D:8 1 runed door, antares's ghost, novice DEFE


Innate Abilities, Weirdness & Mutations

You are too large for most types of armour.
You have claws for hands.
Your metabolism is lightning-fast.
You like to eat raw meat.
Your natural rate of healing is unusually fast.
You are covered in fur. (AC +1)
You have very tough skin. (AC +2)
You cannot be stealthy.
You have sharp toenails.
You are clumsy. (Dex -2)
Armour fits poorly on your strangely shaped body.
You are resistant to hostile enchantments. (MR+)


Message History

You feel extremely sick.
You block the green very ugly thing's attack.
You claw the green very ugly thing!
Your kick misses the green very ugly thing.
The green very ugly thing is severely wounded.
You feel extremely sick. The green very ugly thing claws you!!
* * * LOW HITPOINT WARNING * * *
It was a potion of heal wounds.
You feel much better.
* * * LOW HITPOINT WARNING * * *
You feel extremely sick. The green very ugly thing claws you!
* * * LOW HITPOINT WARNING * * *
You claw the green very ugly thing!
Your kick misses the green very ugly thing.
The green very ugly thing is severely wounded.
* * * LOW HITPOINT WARNING * * *
You feel extremely sick. The green very ugly thing claws you!!
You die...

####
##########
..............
#..#..#......
#............
# ...........
#..#.........
#....@..#
#.###u).#
#####


You could see a green very ugly thing.

Vanquished Creatures
  A two-headed ogre (D:8)
  A cyclops (D:6)
  Sigmund (D:5)
  A hippogriff (D:6)
  A wyvern (D:9)
  The ghost of Mikauls the Chopper, an amateur HOFi of Beogh (D:3)
  A hungry ghost (D:9)
  Menkaure (D:5)
  An ice beast (D:8)
  The ghost of shamaniam the Ruffian, an amateur TrFi (D:3)
  3 sky beasts
  Purgy (Sewer)
  Duvessa (D:5)
  A black bear (D:8)
  2 orc warriors
  2 phantoms
  A necrophage (D:7)
  4 centaurs
  7 ogres
  A crocodile (D:8)
  Blork the orc (D:4)
  3 big kobolds
  4 bullfrogs
  Dowan (D:5)
  3 scorpions
  A water moccasin skeleton (D:6)
  3 killer bees (D:8)
  4 howler monkeys
  A bullfrog zombie (D:5)
  2 centaur skeletons
  3 orc priests
  3 crimson imps
  A gnoll shaman (D:7)
  6 hounds
  5 jellies
  6 orc wizards
  2 iguanas
  9 worker ants
  2 killer bee zombies
  4 hound skeletons
  A worker ant zombie (D:6)
  9 gnolls
  13 adders
  3 shadow imps
  8 oozes
  An adder zombie (D:9)
  2 worms (D:2)
  4 dart slugs
  6 leopard geckos
  25 orcs
  4 giant cockroaches
  4 goblins
  11 hobgoblins
  19 jackals
  3 quokkas
  5 ball pythons
  5 bats
  11 frilled lizards
  18 kobolds
  A leopard gecko skeleton (D:4)
  A quokka zombie (D:6)
  4 rats
255 creatures vanquished.

Vanquished Creatures (others)
  2 withered plants (D:3)
2 creatures vanquished.

Grand Total: 257 creatures vanquished

Notes
Turn   | Place    | Note
-------+----------+-------------------------------------------
     0 | D:1      | shamaniam the Troll Fighter began the quest for the Orb.
     0 | D:1      | Reached XP level 1. HP: 22/22 MP: 0/0
    93 | D:1      | Reached XP level 2. HP: 29/29 MP: 1/1
   422 | D:1      | Reached XP level 3. HP: 36/36 MP: 2/2
   816 | D:2      | Reached XP level 4. HP: 43/44 MP: 3/3
  1404 | D:2      | Reached skill level 3 in Unarmed Combat
  1404 | D:2      | Reached XP level 5. HP: 16/53 MP: 4/4
  1781 | D:3      | Found a faded altar of an unknown god.
  1899 | D:3      | Found a runed gate.
  1900 | D:3      | Found a runed gate.
  1900 | D:3      | Found a runed gate.
  1901 | D:3      | Noticed Mikauls's ghost (amateur HOFi)
  1902 | D:3      | Noticed shamaniam's ghost (amateur TrFi)
  2361 | D:4      | Noticed Blork the orc
  2369 | D:4      | Killed Blork the orc
  2369 | D:4      | Reached XP level 6. HP: 39/61 MP: 5/5
  2873 | D:5      | Entered Level 5 of the Dungeon
  2873 | D:5      | Noticed Sigmund
  2883 | D:5      | Killed Sigmund
  2883 | D:5      | Reached skill level 4 in Unarmed Combat
  2883 | D:5      | Reached XP level 7. HP: 58/70 MP: 6/6
  2899 | D:5      | Found Oskutile's Weapon Shoppe.
  2969 | D:5      | Noticed Menkaure
  2977 | D:5      | Killed Menkaure
  3226 | D:5      | Reached XP level 8. HP: 79/79 MP: 7/7
  3275 | D:5      | Reached skill level 5 in Unarmed Combat
  3460 | D:5      | Noticed Duvessa
  3460 | D:5      | Noticed Dowan
  3467 | D:5      | Killed Duvessa
  3474 | D:5      | Killed Dowan
  3686 | D:6      | Found a glowing silver altar of Zin.
  3713 | D:6      | Found a glowing drain.
  3725 | Sewer    | Entered a sewer
  3801 | Sewer    | Noticed Purgy
  3823 | Sewer    | Killed Purgy
  4128 | Sewer    | Gained mutation: Armour fits poorly on your strangely
                  | shaped body. [potion of mutation]
  4128 | Sewer    | Gained mutation: Your spells are a little easier to cast,
                  | but a little less powerful. [potion of mutation]
  4128 | Sewer    | Gained mutation: You are resistant to hostile enchantments.
                  | (MR+) [potion of mutation]
  4128 | Sewer    | Gained mutation: You expend magic power (3 MP) to
                  | strengthen your wands. [potion of mutation]
  4129 | Sewer    | Lost mutation: Armour fits poorly on your strangely shaped
                  | body. [potion of mutation]
  4129 | Sewer    | Lost mutation: You expend magic power (3 MP) to strengthen
                  | your wands. [potion of mutation]
  4129 | Sewer    | Lost mutation: Your spells are a little easier to cast, but
                  | a little less powerful. [potion of mutation]
  4129 | Sewer    | Lost mutation: You are resistant to hostile enchantments.
                  | (MR+) [potion of mutation]
  4129 | Sewer    | Gained mutation: You have sharp toenails. [potion of
                  | mutation]
  4129 | Sewer    | Gained mutation: Armour fits poorly on your strangely
                  | shaped body. [potion of mutation]
  4129 | Sewer    | Gained mutation: You are partially covered in slimy green
                  | scales. (AC +2) [potion of mutation]
  4129 | Sewer    | Gained mutation: You are robust. (+10% HP) [potion of
                  | mutation]
  4130 | Sewer    | Lost mutation: You are partially covered in slimy green
                  | scales. (AC +2) [potion of mutation]
  4130 | Sewer    | Lost mutation: You are robust. (+10% HP) [potion of
                  | mutation]
  4130 | Sewer    | Lost mutation: You have sharp toenails. [potion of
                  | mutation]
  4130 | Sewer    | Gained mutation: You are clumsy. (Dex -2) [potion of
                  | mutation]
  4130 | Sewer    | Gained mutation: You have sharp toenails. [potion of
                  | mutation]
  4130 | Sewer    | Gained mutation: You are resistant to hostile enchantments.
                  | (MR+) [potion of mutation]
  4167 | D:6      | Reached skill level 5 in Fighting
  4167 | D:6      | Reached skill level 5 in Dodging
  4167 | D:6      | Reached skill level 5 in Shields
  4229 | D:6      | Noticed a cyclops
  4234 | D:6      | Killed a cyclops
  4234 | D:6      | Reached skill level 6 in Unarmed Combat
  4236 | D:6      | Reached XP level 9. HP: 88/88 MP: 8/8
  4556 | D:6      | Found a staircase to the Ecumenical Temple.
  4617 | Temple   | Entered the Ecumenical Temple
  4716 | Temple   | Became a worshipper of Ru the Awakened
  5152 | D:6      | Reached skill level 7 in Unarmed Combat
  5580 | D:7      | Gained mutation: You cannot be stealthy. [Ru sacrifice]
  5881 | D:8      | Reached skill level 8 in Unarmed Combat
  5942 | D:8      | Reached XP level 10. HP: 70/101 MP: 9/9
  6008 | D:8      | Noticed a two-headed ogre
  6018 | D:8      | Killed a two-headed ogre
  6233 | D:8      | Found a runed door.
  6233 | D:8      | Noticed antares's ghost (novice DEFE)
  6694 | D:3      | Killed Mikauls's ghost
  6698 | D:3      | Killed shamaniam's ghost
  7020 | D:9      | Reached skill level 9 in Unarmed Combat
  7038 | D:9      | Reached skill level 1 in Evocations
  7335 | D:9      | Found a runed gate.
  7335 | D:9      | Found a runed gate.
  7335 | D:9      | Found a runed gate.
  7336 | D:9      | Noticed a green ugly thing
  7337 | D:9      | Noticed a glowing orange brain
  7337 | D:9      | Noticed a red ugly thing
  7340 | D:9      | Noticed a cyan very ugly thing
  7342 | D:9      | Noticed a purple ugly thing
  7342 | D:9      | Noticed a green ugly thing
  7662 | D:10     | Entered Level 10 of the Dungeon
  7670 | D:10     | Mangled by a green very ugly thing

Skill      XL: |  1  2  3  4  5  6  7  8  9 10 |
---------------+-------------------------------+-----
Dodging        | 3 4 5 |  5.0
Fighting       | 3 4 5 7 |  7.7
Shields        | 3 4 5 6 7 |  7.8
Unarmed Combat | 3 4 6 8 9 |  9.4
Evocations     | 1 |  1.7

Action                   |  1- 3 |  4- 6 |  7- 9 | 10-12 || total
-------------------------+-------+-------+-------+-------++-------
Melee: Unarmed           |    83 |   163 |   337 |   188 ||   771
       Kick              |       |       |    47 |    47 ||    94
Invok: Sacrifice Stealth |       |       |     1 |       ||     1
       Reject Sacrifices |       |       |       |     1 ||     1
  Use: Scroll            |       |       |    13 |     3 ||    16
       Potion            |       |       |     6 |     1 ||     7
 Stab: Sleeping          |       |     1 |     1 |       ||     2
  Eat: Chunk             |    13 |    19 |    29 |    15 ||    76
Armor: Robe              |    18 |    64 |    18 |       ||   100
       Troll leather arm |       |       |    32 |    29 ||    61
Dodge: Dodged            |    24 |    70 |   122 |    60 ||   276
Block: Shield            |    32 |    88 |   142 |    79 ||   341
